 Dungeon Crawl Stone Soup version 0.27.1-3-gb3d3a73c9e (webtiles) character file.

Game seed: 9522042697464057910

422 badgame the Poker (level 6, -15/44 HPs)
             Began as a Demonspawn Gladiator on Oct 7, 2021.
             Was an Initiate of Hepliaklqana.
             Killed from afar by Pikel (22 damage)
             ... with a bolt of acid
             ... on level 5 of the Dungeon.
             The game lasted 00:16:55 (3804 turns).

badgame the Poker (Demonspawn Gladiator)            Turns: 3804, Time: 00:16:55

Health: -15/44     AC:  4    Str: 15    XL:     6   Next: 63%
Magic:  0/6        EV: 12    Int: 17    God:    Hepliaklqana [......]
Gold:   136        SH:  0    Dex: 14    Spells: 5/5 levels left

rFire    . . .     SeeInvis .   a - +0 trident
rCold    . . .     Faith    .   (no shield)
rNeg     . . .     Spirit   +   b - +0 leather armour
rPois    .         Reflect  .   c - +0 helmet
rElec    .         Harm     .   (no cloak)
rCorr    .         Rampage  .   g - +2 pair of gloves {Stlth+}
Will     .....                  j - +0 pair of boots
Stlth    ++........             (no amulet)
HPRegen  0.14/turn              i - +6 ring of intelligence
MPRegen  0.20/turn              (no ring)

@: corroded
A: hooves 1, powered by death 1, magic shield, magic regeneration
a: Renounce Religion


You were on level 5 of the Dungeon.
You worshipped Hepliaklqana.
Hepliaklqana was noncommittal.
You visited 2 branches of the dungeon, and saw 6 of its levels.

You collected 136 gold pieces.

Inventory:

Hand Weapons
 a - a +0 trident (weapon)
Armour
 b - a +0 leather armour (worn)
 c - a +0 helmet (worn)
 g - a +2 pair of gloves of stealth (worn)
 j - a +0 pair of boots (worn)
Jewellery
 i - a +6 ring of intelligence (left hand)
 k - a +6 ring of intelligence
 o - an amulet of faith
Wands
 p - a wand of flame (15)
Scrolls
 m - 2 scrolls of noise
 r - a scroll of brand weapon {unknown}
Potions
 e - a potion of brilliance
 f - a potion of might {unknown}
 h - a potion of attraction {unknown}
 l - a potion of invisibility


   Skills:
 - Level 2.0 Fighting
 + Level 6.9 Polearms
 - Level 1.7 Throwing
 - Level 2.6 Dodging


You had 5 spell levels left.
You didn't know any spells.
Your spell library contained the following spells:

 Spells                   Type           Power      Damage    Failure   Level
 Summon Lightning Spire   Summ/Air       0%         N/A       96%         4
 Alistair's Intoxication  Tmut/Pois      0%         N/A       100%        5
 Borgnjor's Vile Clutch   Necr/Erth      0%         N/A       100%        5
 Eringya's Noxious Bog    Tmut/Pois      0%         N/A       100%        6
 Storm Form               Tmut/Air       0%         N/A       100%        7
 Maxwell's Capacitive Co  Air            0%         ∞         100%        8


Dungeon Overview and Level Annotations

Branches:
Dungeon (5/15)             Temple (1/1) D:4

Altars:
Cheibriados
Dithmenos
Elyvilon
Hepliaklqana
Nemelex Xobeh
Wu Jian
Xom
Yredelemnul

Shops:
D:1 =

Annotations:
D:4 Eustachio
D:5 Pikel


Innate Abilities, Weirdness & Mutations

You have large cloven feet.
You regenerate a little health from kills.
When hurt, damage is shared between your health and your magic reserves.
You regenerate magic rapidly.


Message History

You hit Pikel but do no damage.
Pikel is moderately wounded.
The lemure barely misses you.
Pikel struggles against the net.
You hit Pikel.
Pikel is moderately wounded.
The lemure misses you.
Pikel struggles against the net.
The net rips apart, and Pikel comes free!
Okay, then.
You closely miss Pikel.
Pikel is moderately wounded.
The lemure hits you.
Pikel hits you with a +2 whip of flaming.
Pikel burns you.
You barely miss Pikel.
Pikel is moderately wounded.
The lemure hits you. Pikel hits you but does no damage.
Okay, then.
You hit Pikel.
Pikel is moderately wounded.
The lemure hits you but does no damage.
Pikel hits you with a +2 whip of flaming.
Pikel burns you.
Okay, then.
Blink to where?
Press: ? - help, Dir - move target, p - Pikel
Found a fizzy dark potion.
As you read the scroll of blinking, it crumbles to dust.
Pikel says, "You'll feel the lick of my whip!"
Pikel hits you with a +2 whip of flaming.
Pikel burns you.
You hit Pikel.
Pikel is moderately wounded.
Pikel zaps a wand.
The bolt of acid hits you! The acid corrodes you!
You are splashed with acid!
* * * LOW HITPOINT WARNING * * *
As you read the scroll labelled KATASCH RAEJ, it crumbles to dust.
It is a scroll of amnesia.
You feel forgetful for a moment.
Pikel zaps a wand.
The bolt of acid hits you!!
Ouch! That really hurt!
You die...

.# !# .# .# .#
##########.#
#..........# #
#.#.##...@# ###. ###
#5#.##.##K# ..... #..
#.#.. #5# .Z5.(.##.#
#5#######5# #'..#
#)##....#5# #.#####
##### #.##..5.5.#
#.#####
....####.##..#.######
###......
..........5...........
........
.................$####
##..#....


You could see Pikel and 4 lemures.

Vanquished Creatures
  An ogre (D:5)
  A bullfrog zombie (D:5)
  A crimson imp (D:5)
  A centaur skeleton (D:5)
  A bullfrog skeleton (D:5)
  2 iguanas
  A hound zombie (D:5)
  5 adders
  2 white imps
  2 ufetubi (D:5)
  A dart slug (D:1)
  9 orcs
  7 ball pythons
  7 endoplasms
  4 giant cockroaches
  A goblin (D:2)
  11 hobgoblins
  2 jackals (D:4)
  5 kobolds
  4 quokkas
  4 bats
  2 frilled lizards (D:1)
  4 rats
78 creatures vanquished.

Notes
Turn   | Place    | Note
-------+----------+-------------------------------------------
     0 | D:1      | badgame the Demonspawn Gladiator began the quest for the
                  | Orb.
     0 | D:1      | Reached XP level 1. HP: 16/16 MP: 1/1
   191 | D:1      | Reached skill level 3 in Polearms
   209 | D:1      | Gained mutation: You have large cloven feet. [demonic
                  | ancestry]
   209 | D:1      | Reached XP level 2. HP: 15/22 MP: 2/2
   848 | D:1      | Found Zilucval's Jewellery Shoppe.
   944 | D:2      | Gained mutation: You regenerate a little health from kills.
                  | [demonic ancestry]
   944 | D:2      | Reached XP level 3. HP: 27/27 MP: 3/3
  1059 | D:2      | Reached skill level 4 in Polearms
  1563 | D:2      | Gained mutation: You regenerate magic rapidly. [demonic
                  | ancestry]
  1563 | D:2      | Reached XP level 4. HP: 33/33 MP: 4/4
  1664 | D:2      | Found a faded altar of an unknown god.
  1880 | D:3      | Found an ornate altar of the Wu Jian Council.
  2251 | D:4      | Noticed Eustachio
  2437 | D:4      | Reached skill level 5 in Polearms
  2542 | D:4      | Gained mutation: When hurt, damage is shared between your
                  | health and your magic reserves. [demonic ancestry]
  2542 | D:4      | Reached XP level 5. HP: 25/38 MP: 5/5
  2775 | D:4      | Found a staircase to the Ecumenical Temple.
  2787 | Temple   | Entered the Ecumenical Temple
  2811 | Temple   | Became a worshipper of Hepliaklqana the Forgotten
  2957 | D:5      | Entered Level 5 of the Dungeon
  3073 | D:5      | Noticed an ogre
  3084 | D:5      | Killed an ogre
  3085 | D:5      | Reached skill level 6 in Polearms
  3425 | D:5      | Reached XP level 6. HP: 44/44 MP: 6/6
  3769 | D:5      | Noticed Pikel
  3804 | D:5      | Killed from afar by Pikel

Illustrated notes

Levels and vault maps discovered:
D:1:      nicolae_arrival_memento_mori, layout_loops_ring, serial_shops, shop,
          serial_glass, glass_columns_b, glass_columns_b
D:2:      layout_basic, shapermc_ecumenical_altar_hornbeckon,
          serial_bayou_pond_e
D:3:      layout_rooms, nicolae_wu_jian_wuxing_cycle
D:4:      layout_basic, minmay_temple_entry_ruins, uniq_eustachio
D:5:      layout_basic, kennysheep_pointless_box, minmay_fire_ice_demons,
          uniq_pikel
Temple:   regret_index_temple_chain_breaker

Skill      XL: |  1  2  3  4  5 |
---------------+----------------+-----
Polearms       | 3 4 5 6 |  6.9
Fighting       | |  2.0
Throwing       | |  1.7
Dodging        | |  2.6

Action                   |  1- 3 |  4- 6 || total
-------------------------+-------+-------++-------
Melee: Trident           |    94 |   197 ||   291
       Kick              |    18 |     1 ||    19
Throw: Throwing net      |       |     6 ||     6
  Use: Scroll            |     1 |     4 ||     5
       Potion            |       |     1 ||     1
 Stab: Sleeping          |     2 |     5 ||     7
       Invisible         |       |     1 ||     1
       Held in net/web   |       |     1 ||     1
Armor: Leather armour    |    22 |    60 ||    82
Dodge: Dodged            |    49 |   102 ||   151
